 Dungeon Crawl Stone Soup version 0.31-a0-232-gb1c03b2570 (webtiles) character file.

Game seed: 118461198889513978

48 qw the Shooter (level 3, -6/29 HPs)
             Began as a Minotaur Hexslinger on July 7, 2023.
             Mangled by a gnoll
             ... wielding a +0 spear
              (7 damage)
             ... on level 2 of the Dungeon.
             The game lasted 00:00:27 (1019 turns).

qw the Shooter (Minotaur Hexslinger)                Turns: 1019, Time: 00:00:28

Health: -6/29      AC:  5    Str: 12    XL:     3   Next: 50%
Magic:  3/3        EV: 11    Int: 10    God:
Gold:   152        SH:  0    Dex: 14    Spells: 3/4 levels left

rFire   . . .        Y - +1 sling
rCold   . . .        (no shield)
rNeg    . . .        f - +0 ring mail
rPois   .            (helmet restricted)
rElec   .            (no cloak)
rCorr   .            (no gloves)
SInv    .            (no boots)
Will    .....        h - amulet of faith
Stlth   +            (no ring)
HPRegen 0.24/turn    (no ring)
MPRegen 0.08/turn

%: faith
@: about to teleport
A: horns 2, retaliatory headbutt
a: no special abilities


You were on level 2 of the Dungeon.
You visited 1 branch of the dungeon, and saw 2 of its levels.

You collected 152 gold pieces.


Innate Abilities, Weirdness & Mutations

You have a pair of horns on your head.
You reflexively headbutt those who attack you in melee.


   Skills:
 - Level 2.0 Fighting
 - Level 4.0 Ranged Weapons
 + Level 0.3 Armour
 - Level 2.1 Dodging
 - Level 1.0 Spellcasting
 - Level 2.0 Hexes


You had 3 spell levels left.
You knew the following spells:

 Your Spells              Type           Power      Damage    Failure   Level
a - Slow                  Hex            16%        N/A       34%         1

Your spell library contained the following spells:

 Spells                   Type           Power      Damage    Failure   Level
 Inner Flame              Hex/Fire       2%         N/A       83%         3
 Portal Projectile        Hex/Tloc       4%         N/A       83%         3
 Cause Fear               Hex            2%         N/A       98%         4

Inventory:

Hand Weapons
 Y - a +1 sling (weapon)
Armour
 f - a +0 ring mail (worn)
Jewellery
 h - an amulet of faith (around neck)
 i - an amulet of regeneration
Scrolls
 a - a scroll of teleportation
 c - 3 scrolls of identify {unknown}
Potions
 b - 3 potions of heal wounds {unknown}
 e - a potion of cancellation
 j - a potion of curing {unknown}

Dungeon Overview and Level Annotations

Branches:
Dungeon (2/15)

Altars:


Message History

You shoot a sling bullet. The sling bullet hits the gnoll.
The gnoll is heavily wounded.
The gnoll hits you from afar with a +0 spear.
The gnoll hits you but does no damage.
You shoot a sling bullet. The sling bullet hits the gnoll.
The gnoll is severely wounded.
The gnoll hits you from afar with a +0 spear.
The gnoll hits you with a +0 club.
You shoot a sling bullet.
The sling bullet barely misses the gnoll.
The sling bullet hits the gnoll.
The gnoll is heavily wounded.
The gnoll hits you from afar with a +0 spear.
The gnoll barely misses you. You furiously retaliate!
You headbutt the gnoll.
The gnoll hits you from afar with a +0 spear.
The gnoll misses you.
1016 ||| READING 2 scrolls of teleportation.
As you read the scroll of teleportation, it crumbles to dust.
You feel strangely unstable.
The gnoll hits you from afar with a +0 spear.
The gnoll hits you with a +0 club.
You shoot a sling bullet.
The sling bullet hits the gnoll but does no damage.
The gnoll is severely wounded.
The gnoll barely misses you. x2
You shoot a sling bullet.
The sling bullet barely misses the gnoll.
The sling bullet hits the gnoll.
The gnoll is severely wounded.
The gnoll hits you but does no damage. The gnoll hits you with a +0 club.
You shoot a sling bullet.
The sling bullet barely misses the gnoll.
The sling bullet closely misses the gnoll.
The sling bullet barely misses the quokka.
The sling bullet hits the gnoll.
The gnoll is moderately wounded.
The gnoll hits you from afar with a +0 spear.
The gnoll barely misses you. The gnoll hits you but does no damage.
The gnoll hits you from afar with a +0 spear!
You die...

.. #.# .# #######.###
## #.........#
###.#####.#.##
#............####.
#.#.#####.........
#####.#.#######:.###..
#.............#..#
#.###@#.#####.#..###..
#g#.# #...........
#g#.# #.#.#..###.#
#r#.# #.#..# gg..# #
#..# #.### #... ...
##.## #.. (.# ###


You could see 4 gnolls and a quokka.

Vanquished Creatures
  A worm (D:2)
  2 dart slugs (D:2)
  An endoplasm (D:2)
  6 giant cockroaches (D:1)
  4 goblins
  6 hobgoblins
  2 jackals (D:1)
  4 kobolds
  2 quokkas
  A ball python (D:1)
  3 bats
  4 rats
36 creatures vanquished.

Notes
Turn   | Place    | Note
-------+----------+-------------------------------------------
     0 | D:1      | qw the Minotaur Hexslinger began the quest for the Orb.
     0 | D:1      | Reached XP level 1. HP: 16/16 MP: 1/1
     0 | D:1      | 0 ||| qw: Version: 0.3-a-46-gb1f654a
     0 | D:1      | 0 ||| qw: Game counter: 2923
     0 | D:1      | 0 ||| qw: Melee chars always use a shield: true
     0 | D:1      | 0 ||| qw: God list: Okawaru
     0 | D:1      | 0 ||| qw: Allow faded altars: false
     0 | D:1      | 0 ||| qw: Do Orc after clearing Dungeon:15 true
     0 | D:1      | 0 ||| qw: Do second Lair branch before Depths: true
     0 | D:1      | 0 ||| qw: Lair rune preference: random
     0 | D:1      | 0 ||| qw: Goals: Normal
     0 | D:1      | 0 ||| PLANNING D:1-11
    90 | D:1      | Reached skill level 3 in Ranged Weapons
   102 | D:1      | Reached XP level 2. HP: 23/23 MP: 2/2
   572 | D:1      | 572 ||| UPGRADING to +0 ring mail.
   582 | D:1      | 582 ||| DROPPING +0 robe.
   583 | D:1      | 583 ||| UPGRADING to amulet of faith.
   588 | D:1      | 588 ||| READING 3 scrolls labelled JUAPUBL NEADGH.
   593 | D:1      | 593 ||| READING 2 scrolls labelled UWEIRA MOAMIC.
   594 | D:1      | 594 ||| DRINKING 2 silvery potions.
   595 | D:1      | 595 ||| DROPPING scroll of poison.
   596 | D:1      | 596 ||| DROPPING scroll of revelation.
   666 | D:2      | Reached XP level 3. HP: 29/29 MP: 3/3
   975 | D:2      | Reached skill level 4 in Ranged Weapons
  1015 | D:2      | HP: 7/29 [gnoll/+0 spear (2)]
  1016 | D:2      | 1016 ||| READING 2 scrolls of teleportation.
  1016 | D:2      | HP: 3/29 [gnoll/+0 spear (4)]
  1019 | D:2      | HP: 1/29 [gnoll/+0 spear (1)]
  1019 | D:2      | Mangled by a gnoll

Levels and vault maps discovered:
D:1:      onia_arrival_mini_maze_b, layout_rooms, minmay_worlds_worst_comb
D:2:      layout_loops_ring

Skill      XL: |  1  2  3 |
---------------+----------+-----
Ranged Weapons | 3 4 |  4.0
Fighting       | 2 |  2.0
Armour         | |  0.3
Dodging        | |  2.1
Spellcasting   | |  1.0
Hexes          | |  2.0

Action                     || total
---------------------------++-------
   Fire: Sling             ||   109
    Use: Scroll            ||     3
         Potion            ||     1
 Armour: Robe              ||     4
         Ring mail         ||     6
  Dodge: Dodged            ||    31

Table legend:
 A = Non-vault XP
 B = Vault XP
 C = Vault XP percentage of total XP
 D = Non-vault monster count
 E = Vault monster count
 F = Vault count percentage of total count
                 A         B        C        D         E       F
            +---------+---------+-------+---------+---------+-------
      Total |      58 |      11 |  15.9 |      30 |       6 |  16.7
            +---------+---------+-------+---------+---------+-------
        D:1 |      25 |      11 |  30.6 |      15 |       6 |  28.6
        D:2 |      33 |       0 |   0.0 |      15 |       0 |   0.0
            +---------+---------+-------+---------+---------+-------
